[gd_scene load_steps=19 format=2]

[ext_resource path="res://Menu/StarConnect.gd" type="Script" id=1]
[ext_resource path="res://Menu/Options.tscn" type="PackedScene" id=2]
[ext_resource path="res://Menu/LoadSong/Load.tscn" type="PackedScene" id=3]
[ext_resource path="res://Assets/background.jpeg" type="Texture" id=4]
[ext_resource path="res://Assets/Fonts/One Starry Night.ttf" type="DynamicFontData" id=5]
[ext_resource path="res://Assets/Fonts/Menu_Font.tres" type="DynamicFont" id=6]
[ext_resource path="res://Assets/Materials/Menu_Button.tres" type="StyleBox" id=7]
[ext_resource path="res://Connect/Instructions.tscn" type="PackedScene" id=8]
[ext_resource path="res://Shooter/Instructions.tscn" type="PackedScene" id=9]
[ext_resource path="res://Menu/Menu_Control.gd" type="Script" id=10]
[ext_resource path="res://Menu/StarShooter.gd" type="Script" id=11]
[ext_resource path="res://Shooter/Player.tscn" type="PackedScene" id=12]
[ext_resource path="res://Connect/Prompt.tscn" type="PackedScene" id=13]

[sub_resource type="Shader" id=1]
code = "shader_type canvas_item;

uniform float brightness = 0.8;
uniform float contrast = 1.5;
uniform float saturation = 1.8;

void fragment() {
	vec3 c = textureLod(SCREEN_TEXTURE, SCREEN_UV, 0.0).rgb;

	c.rgb = mix(vec3(0.0), c.rgb, brightness);
	c.rgb = mix(vec3(0.5), c.rgb, contrast);
	c.rgb = mix(vec3(dot(vec3(1.0), c.rgb) * 0.33333), c.rgb, saturation);

	COLOR.rgb = c;
}
"

[sub_resource type="ShaderMaterial" id=2]
shader = SubResource( 1 )
shader_param/brightness = 0.7
shader_param/contrast = 1.8
shader_param/saturation = 2.25

[sub_resource type="Animation" id=3]
length = 0.2
tracks/0/type = "value"
tracks/0/path = NodePath("StarShooter:rect_position")
tracks/0/interp = 2
tracks/0/loop_wrap = true
tracks/0/imported = false
tracks/0/enabled = true
tracks/0/keys = {
"times": PoolRealArray( 0, 0.2 ),
"transitions": PoolRealArray( 1, 1 ),
"update": 0,
"values": [ Vector2( 1080, 0 ), Vector2( 0, 0 ) ]
}
tracks/1/type = "value"
tracks/1/path = NodePath("StarConnect:rect_position")
tracks/1/interp = 1
tracks/1/loop_wrap = true
tracks/1/imported = false
tracks/1/enabled = true
tracks/1/keys = {
"times": PoolRealArray( 0, 0.2 ),
"transitions": PoolRealArray( 1, 1 ),
"update": 0,
"values": [ Vector2( 0, 0 ), Vector2( -1080, 0 ) ]
}

[sub_resource type="DynamicFont" id=4]
size = 72
outline_size = 1
outline_color = Color( 0, 0, 0, 1 )
use_filter = true
font_data = ExtResource( 5 )

[sub_resource type="DynamicFont" id=5]
size = 72
outline_size = 1
outline_color = Color( 0, 0, 0, 1 )
use_filter = true
extra_spacing_top = -29
extra_spacing_bottom = -10
font_data = ExtResource( 5 )

[node name="Menu" type="Control"]
margin_right = 40.0
margin_bottom = 40.0
script = ExtResource( 10 )
__meta__ = {
"_edit_use_anchors_": false
}

[node name="Background" type="Sprite" parent="."]
position = Vector2( 928, 720 )
texture = ExtResource( 4 )

[node name="Effects" type="TextureRect" parent="."]
material = SubResource( 2 )
margin_left = -336.0
margin_top = -64.0
margin_right = 2224.0
margin_bottom = 1536.0
texture = ExtResource( 4 )
__meta__ = {
"_edit_use_anchors_": false
}

[node name="Animation" type="AnimationPlayer" parent="."]
anims/go_right = SubResource( 3 )

[node name="StarConnect" type="Container" parent="."]
margin_right = 1080.0
margin_bottom = 720.0
script = ExtResource( 1 )
__meta__ = {
"_edit_use_anchors_": false
}

[node name="Main" type="VBoxContainer" parent="StarConnect"]
anchor_left = 0.5
anchor_top = 0.5
anchor_right = 0.5
anchor_bottom = 0.5
margin_left = -250.0
margin_top = -260.0
margin_right = 250.0
margin_bottom = 200.0
alignment = 1
__meta__ = {
"_edit_use_anchors_": false
}

[node name="Title" type="Label" parent="StarConnect/Main"]
margin_top = 118.0
margin_right = 500.0
margin_bottom = 190.0
rect_pivot_offset = Vector2( 117, 36 )
custom_fonts/font = SubResource( 4 )
text = "Star Connect"
align = 1
__meta__ = {
"_edit_use_anchors_": false
}

[node name="Play" type="Button" parent="StarConnect/Main" groups=[
"buttons",
]]
margin_top = 194.0
margin_right = 500.0
margin_bottom = 218.0
custom_styles/normal = ExtResource( 7 )
custom_fonts/font = ExtResource( 6 )
text = "Play"

[node name="Settings" type="Button" parent="StarConnect/Main" groups=[
"buttons",
]]
visible = false
margin_top = 210.0
margin_right = 500.0
margin_bottom = 234.0
custom_styles/normal = ExtResource( 7 )
custom_fonts/font = ExtResource( 6 )
text = "Settings"

[node name="Tutorial" type="Button" parent="StarConnect/Main" groups=[
"buttons",
]]
margin_top = 222.0
margin_right = 500.0
margin_bottom = 246.0
custom_styles/normal = ExtResource( 7 )
custom_fonts/font = ExtResource( 6 )
text = "How to play"

[node name="Quit" type="Button" parent="StarConnect/Main" groups=[
"buttons",
]]
margin_top = 250.0
margin_right = 500.0
margin_bottom = 274.0
custom_styles/normal = ExtResource( 7 )
custom_fonts/font = ExtResource( 6 )
text = "Quit"

[node name="New" type="Label" parent="StarConnect/Main"]
margin_top = 278.0
margin_right = 500.0
margin_bottom = 298.0
custom_fonts/font = ExtResource( 6 )
text = "NEW!"
align = 2

[node name="Right" type="Button" parent="StarConnect/Main"]
margin_top = 302.0
margin_right = 500.0
margin_bottom = 342.0
rect_min_size = Vector2( 0, 40 )
size_flags_vertical = 12
custom_fonts/font = SubResource( 5 )
text = "~>"
flat = true
align = 2

[node name="Star" parent="StarConnect" instance=ExtResource( 13 )]
position = Vector2( 384, 236 )
scale = Vector2( 10, 10 )
color = Color( 1, 1, 1, 1 )

[node name="Credits" type="Label" parent="StarConnect"]
anchor_bottom = 0.5
margin_left = 290.0
margin_top = 256.0
margin_right = 790.0
margin_bottom = 328.0
rect_pivot_offset = Vector2( 117, 36 )
custom_fonts/font = ExtResource( 6 )
text = "A game by Nathalia Orlandi Borin
OST by Nia Mi and Alexander Bu
Clap SFX by Spanac and Crack SFX by JustInvoke"
align = 1
valign = 1
__meta__ = {
"_edit_use_anchors_": false
}

[node name="Instructions" parent="StarConnect" instance=ExtResource( 8 )]
visible = false
margin_left = 0.0
margin_top = 3.05176e-05
margin_right = 0.0
margin_bottom = 3.05176e-05

[node name="Options" parent="StarConnect" instance=ExtResource( 2 )]
visible = false
anchor_left = 0.5
anchor_top = 0.5
anchor_right = 0.5
anchor_bottom = 0.5
margin_left = -512.0
margin_top = -352.0
margin_right = 512.0
margin_bottom = 416.0
rect_scale = Vector2( 0.6, 0.6 )
rect_pivot_offset = Vector2( 512, 384 )

[node name="Load" parent="StarConnect" instance=ExtResource( 3 )]
visible = false
anchor_left = 0.5
anchor_top = 0.5
anchor_right = 0.5
anchor_bottom = 0.5
margin_left = -641.0
margin_top = -384.0
margin_right = 641.0
margin_bottom = 384.0
rect_scale = Vector2( 0.75, 0.75 )
rect_pivot_offset = Vector2( 641, 384 )

[node name="StarShooter" type="Container" parent="."]
margin_left = 1080.0
margin_right = 2160.0
margin_bottom = 720.0
script = ExtResource( 11 )
__meta__ = {
"_edit_use_anchors_": false
}

[node name="Main" type="VBoxContainer" parent="StarShooter"]
anchor_left = 0.5
anchor_top = 0.5
anchor_right = 0.5
anchor_bottom = 0.5
margin_left = -250.0
margin_top = -260.0
margin_right = 250.0
margin_bottom = 200.0
alignment = 1
__meta__ = {
"_edit_use_anchors_": false
}

[node name="Title" type="Label" parent="StarShooter/Main"]
margin_top = 118.0
margin_right = 500.0
margin_bottom = 190.0
rect_pivot_offset = Vector2( 117, 36 )
custom_fonts/font = SubResource( 4 )
text = "Star Shooter"
align = 1
__meta__ = {
"_edit_use_anchors_": false
}

[node name="Play" type="Button" parent="StarShooter/Main" groups=[
"buttons",
]]
margin_top = 194.0
margin_right = 500.0
margin_bottom = 218.0
custom_styles/normal = ExtResource( 7 )
custom_fonts/font = ExtResource( 6 )
text = "Play"

[node name="Settings" type="Button" parent="StarShooter/Main" groups=[
"buttons",
]]
visible = false
margin_top = 226.0
margin_right = 500.0
margin_bottom = 250.0
custom_styles/normal = ExtResource( 7 )
custom_fonts/font = ExtResource( 6 )
text = "Settings"

[node name="Tutorial" type="Button" parent="StarShooter/Main" groups=[
"buttons",
]]
margin_top = 222.0
margin_right = 500.0
margin_bottom = 246.0
custom_styles/normal = ExtResource( 7 )
custom_fonts/font = ExtResource( 6 )
text = "How to play"

[node name="Quit" type="Button" parent="StarShooter/Main" groups=[
"buttons",
]]
margin_top = 250.0
margin_right = 500.0
margin_bottom = 274.0
custom_styles/normal = ExtResource( 7 )
custom_fonts/font = ExtResource( 6 )
text = "Quit"

[node name="New" type="Label" parent="StarShooter/Main"]
margin_top = 278.0
margin_right = 500.0
margin_bottom = 298.0
custom_fonts/font = ExtResource( 6 )
align = 2

[node name="Left" type="Button" parent="StarShooter/Main"]
margin_top = 302.0
margin_right = 500.0
margin_bottom = 342.0
rect_min_size = Vector2( 0, 40 )
size_flags_vertical = 12
custom_fonts/font = SubResource( 5 )
text = "<~"
flat = true
align = 0

[node name="Credits" type="Label" parent="StarShooter"]
anchor_bottom = 0.091
margin_left = 290.0
margin_top = 411.0
margin_right = 790.0
margin_bottom = 477.0
rect_pivot_offset = Vector2( 117, 36 )
custom_fonts/font = ExtResource( 6 )
text = "A game by Nathalia Orlandi Borin
OST by Nia Mi and Alexander Bu
Clap SFX by Spanac and Crack SFX by JustInvoke"
align = 1
valign = 1
__meta__ = {
"_edit_use_anchors_": false
}

[node name="Player" parent="StarShooter" instance=ExtResource( 12 )]
position = Vector2( 376, 224 )
rotation = -2.18166
scale = Vector2( 0.4, 0.4 )

[node name="Instructions" parent="StarShooter" instance=ExtResource( 9 )]
visible = false
margin_left = -320.0
margin_top = -220.0
margin_right = -320.0
margin_bottom = -220.0

[node name="Options" parent="StarShooter" instance=ExtResource( 2 )]
visible = false
anchor_left = 0.5
anchor_top = 0.5
anchor_right = 0.5
anchor_bottom = 0.5
margin_left = -512.0
margin_top = -352.0
margin_right = 512.0
margin_bottom = 416.0
rect_scale = Vector2( 0.6, 0.6 )
rect_pivot_offset = Vector2( 512, 384 )

[node name="Load" parent="StarShooter" instance=ExtResource( 3 )]
visible = false
anchor_left = 0.5
anchor_top = 0.5
anchor_right = 0.5
anchor_bottom = 0.5
margin_left = -641.0
margin_top = -384.0
margin_right = 641.0
margin_bottom = 384.0
rect_scale = Vector2( 0.75, 0.75 )
rect_pivot_offset = Vector2( 641, 384 )
[connection signal="pressed" from="StarConnect/Main/Play" to="StarConnect" method="_on_Play_pressed"]
[connection signal="pressed" from="StarConnect/Main/Settings" to="StarConnect" method="_on_Settings_pressed"]
[connection signal="pressed" from="StarConnect/Main/Tutorial" to="StarConnect" method="_on_Tutorial_pressed"]
[connection signal="pressed" from="StarConnect/Main/Quit" to="StarConnect" method="_on_Quit_pressed"]
[connection signal="pressed" from="StarConnect/Main/Right" to="." method="_on_Right_pressed"]
[connection signal="pressed" from="StarShooter/Main/Play" to="StarShooter" method="_on_Play_pressed"]
[connection signal="pressed" from="StarShooter/Main/Settings" to="StarShooter" method="_on_Settings_pressed"]
[connection signal="pressed" from="StarShooter/Main/Tutorial" to="StarShooter" method="_on_Tutorial_pressed"]
[connection signal="pressed" from="StarShooter/Main/Quit" to="StarShooter" method="_on_Quit_pressed"]
[connection signal="pressed" from="StarShooter/Main/Left" to="." method="_on_Left_pressed"]
